 Dungeon Crawl Stone Soup version 0.22.1-1-ga44c0e56f4 (webtiles) character file.

301 Jynx the Cudgeler (level 6, -1/49 HPs)
             Began as a Demonspawn Berserker on Nov 4, 2018.
             Was a Believer of Trog.
             Slain by Grinder (2 damage)
             ... while paralysed by Grinder
             ... on level 3 of the Dungeon.
             The game lasted 00:05:53 (3189 turns).

Jynx the Cudgeler (Demonspawn Berserker)            Turns: 3189, Time: 00:05:53

Health: -1/49      AC:  8    Str: 18    XL:     6   Next: 14%
Magic:  6/6        EV:  2    Int:  8    God:    Trog [**....]
Gold:   145        SH:  0    Dex: 19    Spells: 5/5 levels left

rFire    + . .     SeeInvis .   a - +0 mace
rCold    x . .     Gourm    .   (no shield)
rNeg     . . .     Faith    .   b - +0 animal skin
rPois    .         Spirit   .   (no helmet)
rElec    .         Reflect  +   (no cloak)
rCorr    .         Harm     .   (no gloves)
MR       .....                  (no boots)
Stlth    ++........             u - +4 amulet of reflection
HPRegen  0.16/turn              m - ring of fire
MPRegen  0.10/turn              (no ring)

@: paralysed, agile, sanguine armour, berserk cooldown, slowed
A: hooves 1, powered by pain 1, sanguine armour 1
a: Berserk, Trog's Hand, Renounce Religion


You were on level 3 of the Dungeon.
You worshipped Trog.
Trog was pleased with you.
You were very hungry.

You visited 1 branch of the dungeon, and saw 3 of its levels.

You collected 145 gold pieces.

Inventory:

Hand Weapons
 a - a +0 mace (weapon)
Armour
 b - a +0 animal skin (worn)
Jewellery
 m - a ring of fire (left hand)
 p - an uncursed ring of positive energy {unknown}
 u - a +4 amulet of reflection (around neck)
Scrolls
 h - a scroll of amnesia {unknown}
 j - 2 scrolls of identify
 l - 2 scrolls of random uselessness {unknown}
 o - a scroll of remove curse {unknown}
 r - 2 scrolls of noise {unknown}
 s - a scroll of fog {unknown}
 t - a scroll of enchant weapon {unknown}
Potions
 e - 2 potions of might {unknown}
 f - 2 potions of heal wounds {unknown}
 g - a potion of curing {unknown}
 i - a potion of cancellation {unknown}
 k - a potion of ambrosia {unknown}
 n - a potion of berserk rage {unknown}
 q - a potion of degeneration {unknown}
Comestibles
 c - 8 rations


   Skills:
 + Level 4.6 Fighting
 * Level 5.4 Maces & Flails
 - Level 1.7 Armour
 - Level 1.7 Dodging


You had 5 spell levels left.
You didn't know any spells.
Your spell library was empty.

Dungeon Overview and Level Annotations

Branches:
Dungeon (3/15)

Altars:

Annotations:
D:3 Grinder


Innate Abilities, Weirdness & Mutations

You have large cloven feet.
You sometimes gain a little power by taking damage.
When seriously injured, your bleeding wounds create armour. (AC +6)


Message History

Pain shoots through your body!
* * * LOW HITPOINT WARNING * * *
You focus on the pain.
You feel more agile all of a sudden. Grinder closely misses you.
You hit Grinder but do no damage. You kick Grinder.
Grinder is almost dead.
You block Grinder's attack. Grinder gestures at you.
You resist with significant effort.
You hit Grinder. Your kick misses Grinder.
Grinder is almost dead.
Grinder gestures at you.
You suddenly lose the ability to move!
Grinder hits you.
* * * LOW HITPOINT WARNING * * *
You writhe in agony.
* * * LOW HITPOINT WARNING * * *
Grinder hits you.
You die...

#..# #.# #..........#
##.## ###.## #..........#
#..## #....# ###.######.#
#...# #....#####.### .#
#...# #............
#..)###.....####.#######
##...........#...........
.............#.#...####
.............#.#@5.#
...)##...#.#.#.#...#
....##...#.#.#.#...#
....##...#.#.#.#...#
....##...#.#.#.#...#
..####...#.#.#.#...# ..#
###...#.#.#...#
..#######..#.#.#...#
..#....)..>#[#.#


You could see Grinder.

Vanquished Creatures
  Sigmund (D:3)
  2 orc wizards (D:3)
  2 adders (D:2)
  An ooze (D:3)
  A worm (D:3)
  3 dart slugs
  A leopard gecko (D:3)
  3 orcs (D:3)
  6 bats
  2 giant cockroaches
  7 goblins
  3 hobgoblins (D:2)
  9 jackals (D:2)
  A frilled lizard (D:1)
  2 kobolds
  7 rats
51 creatures vanquished.

Notes
Turn   | Place    | Note
-------+----------+-------------------------------------------
     0 | D:1      | Jynx the Demonspawn Berserker began the quest for the Orb.
     0 | D:1      | Reached XP level 1. HP: 18/18 MP: 1/1
   364 | D:1      | Reached skill level 3 in Maces & Flails
   364 | D:1      | Gained mutation: You have large cloven feet. [demonic
                  | ancestry]
   364 | D:1      | Reached XP level 2. HP: 23/24 MP: 2/2
  1111 | D:2      | Reached XP level 3. HP: 23/29 MP: 3/3
  1237 | D:2      | Reached ** piety under Trog
  1982 | D:2      | Reached skill level 4 in Maces & Flails
  1982 | D:2      | Gained mutation: You sometimes gain a little power by
                  | taking damage. [demonic ancestry]
  1982 | D:2      | Reached XP level 4. HP: 37/37 MP: 4/4
  2342 | D:3      | Noticed Sigmund
  2669 | D:3      | Killed Sigmund
  2669 | D:3      | Reached skill level 5 in Maces & Flails
  2669 | D:3      | Reached XP level 5. HP: 21/43 MP: 5/5
  2669 | D:3      | Gained mutation: When seriously injured, your bleeding
                  | wounds create armour. (AC +6) [demonic ancestry]
  2669 | D:3      | Reached XP level 6. HP: 23/49 MP: 6/6
  3173 | D:3      | Noticed Grinder
  3187 | D:3      | Paralysed by Grinder for 6 turns
  3188 | D:3      | HP: 1/49 [Grinder (6)]
  3189 | D:3      | Slain by Grinder

Skill      XL: |  1  2  3  4 |
---------------+-------------+-----
Maces & Flails | 3 4 5 |  5.4
Fighting       | 4 |  4.6
Armour         | |  1.7
Dodging        | |  1.7

Action                   |  1- 3 |  4- 6 || total
-------------------------+-------+-------++-------
Melee: Mace              |   109 |    34 ||   143
       Kick              |    19 |    10 ||    29
Invok: Berserk           |     2 |     3 ||     5
  Use: Scroll            |     2 |     1 ||     3
       Potion            |       |     1 ||     1
 Stab: Sleeping          |       |     1 ||     1
  Eat: Chunk             |     5 |     6 ||    11
Armor: Animal skin       |    30 |     2 ||    32
Dodge: Dodged            |    85 |    11 ||    96
Block: Other             |       |     3 ||     3
